Map: Orbital Shipyard

Players

lesha - Winner!

  • Race: Terran Terran
  • League: Gold

KovuOdinson

  • Race: Terran Terran
  • League: Gold

VOD

Have the link to the VOD?

Description

Time

  • Played on: Jan. 9, 2016, 10:42 a.m.
  • Length: 12:23
Show
View Real Time Build Order
Export as new Build Order

lesha Terran - Winner!

Build Orders: Reaper Expand, MMM Bio 

Get SALT Encoding   

  12  0:01  SCV  
  13  0:14  SCV  
  13  0:18  Supply Depot  
  14  0:26  SCV  
  15  0:40  Barracks  
  15  0:43  SCV  
  15  0:46  Refinery  
  16  0:55  SCV  
  17  1:07  SCV  
  18  1:19  SCV  
  19  1:29  Reaper  
  20  1:37  Command Center  
  20  1:40  Orbital Command  
  20  2:00  Supply Depot  
  20  2:05  Barracks  
  20  2:07  Barracks Reactor  
  21  2:08  SCV  
  21  2:25  Factory  
  21  2:28  SCV  
  21  2:29  Refinery  
  22  2:40  SCV  
  23  3:04  Marine x2  
  24  3:08  Barracks Tech Lab  
  24  3:17  SCV, Starport, Orbital Command  
  25  3:25  Barracks, Marine x2  
  25  3:27  Factory Reactor  
  27  3:33  Engineering Bay  
  27  3:34  SCV  
  28  3:44  SCV  
  28  3:47  SCV, Marine  
  31  3:49  Marine  
  31  3:55  Stimpack  
  32  3:56  SCV  
  32  3:58  Starport Reactor  
  33  4:03  SCV  
  33  4:08  SCV  
  35  4:15  SCV  
  35  4:17  Barracks  
  36  4:20  SCV  
  36  4:21  Marine x2  
  36  4:22  Factory Tech Lab, Marine  
  40  4:27  Barracks Reactor, SCV  
  41  4:34  Terran Infantry Weapons Level 1  
  41  4:35  Supply Depot  
  41  4:36  SCV  
  41  4:37  Supply Depot  
  42  4:40  Medivac  
  44  4:49  Refinery  
  44  4:50  Marine x2  
  44  4:52  Refinery  
  46  4:56  Marine  
  47  5:02  Supply Depot  
  47  5:04  SCV  
  47  5:06  SCV  
  49  5:07  Supply Depot, Marine  
  49  5:11  Medivac  
  52  5:15  Marine x2  
  54  5:22  Marine x2  
  54  5:23  Marine x2  
  58  5:39  Supply Depot  
  58  5:40  Supply Depot  
  58  5:42  Marine  
  58  5:43  Missile Turret, Marine  
  58  5:44  Missile Turret  
  58  5:46  Missile Turret  
  60  5:54  SCV x2  
  60  5:55  Marine  
  60  5:56  Marine x2  
  65  6:06  SCV x2  
  67  6:16  Marine x2  
  67  6:17  Marine x5  
  74  6:18  Medivac  
  74  6:19  Medivac  
  78  6:27  Engineering Bay  
  78  6:31  Armory  
  78  6:34  Terran Infantry Armor Level 1, Marine x2  
  78  6:37  Combat Shields  
  80  6:52  Siege Tank  
  80  6:53  Marine x3  
  86  6:55  Marauder  
  81  7:18  Marine x2  
  81  7:19  Marine x2  
  81  7:20  Marine  
  73  7:23  Medivac x2  
  77  7:39  Marine x3  
  77  7:42  Command Center  
  80  7:48  SCV x2  
  82  7:53  Medivac  
  84  8:00  SCV x2  
  84  8:04  Marine x4  
  84  8:05  Marine x2  
  92  8:12  SCV  
  71  8:27  Marine x3  
  71  8:28  Marine x4  
  78  8:34  Medivac x2  
  82  8:43  SCV x2  
  82  8:45  Marine x3  
  87  8:54  Barracks  
  87  8:55  SCV  
  88  8:56  Supply Depot, Barracks  
  88  8:58  Supply Depot  
  88  9:00  SCV  
  88  9:01  Supply Depot  
  89  9:04  Orbital Command  
  89  9:13  Marine x4  
  93  9:19  Terran Infantry Armor Level 2  
  93  9:24  Terran Infantry Weapons Level 2  
  93  9:27  Marine x2  
  95  9:34  Marine x2  
  95  9:35  Marine x2  
  100  9:43  SCV x2  
  100  9:44  SCV, Marine  
  104  9:51  Marine  
  107  9:54  Barracks Reactor  
  107  9:55  Barracks Reactor, SCV  
  107  9:56  SCV, Marine x4  
  107  9:57  Marauder  
  112  10:02  Marine  
  113  10:08  Supply Depot  
  113  10:09  Marine  
  113  10:11  Supply Depot  
  113  10:13  Concussive Shells  
  113  10:14  Marine x2  
  114  10:16  Marine x2  
  114  10:18  Marine  
  114  10:20  Marine  
  120  10:26  Siege Tank  
  120  10:27  Marine  
  124  10:31  Marine  
  124  10:34  Supply Depot  
  125  10:41  Marine x7  
  125  10:42  Marine x2  
  134  10:44  Medivac x2  
  134  10:45  Marine  
  134  10:49  Marine  
  140  10:56  SCV x3  
  143  10:57  Command Center  
  143  10:58  Siege Tank, Marine x2  
  143  10:59  Marine x7  
  143  11:03  Marine  
  156  11:07  Marine  
  157  11:15  SCV x3, Medivac  
  157  11:16  Marine x3  
  157  11:17  Marine x6  
  171  11:20  Supply Depot x2  
  171  11:21  Supply Depot  
  171  11:22  Supply Depot  
  171  11:24  Marine  
  171  11:25  Marine  
  173  11:34  Marine x3  
  173  11:39  Marine x3  
  178  11:40  Marine  
  161  12:23  Command Center  
Show
View Real Time Build Order
Export as new Build Order

KovuOdinson Terran 

Build Orders:  

Get SALT Encoding   

  12  0:00  SCV  
  13  0:13  SCV  
  14  0:18  Supply Depot  
  14  0:25  SCV  
  15  0:39  SCV  
  15  0:41  Barracks  
  16  0:51  SCV  
  17  1:03  SCV  
  18  1:04  Barracks  
  18  1:15  SCV  
  18  1:17  Barracks  
  19  1:20  Refinery  
  19  1:30  Orbital Command  
  19  1:33  Marine  
  20  1:51  Marine  
  20  1:53  Marine  
  22  1:55  SCV  
  22  2:17  SCV, Refinery  
  23  2:24  Supply Depot  
  23  2:36  Command Center, Barracks Reactor  
  23  2:46  SCV, Marine x2  
  23  2:49  Supply Depot  
  26  3:14  Barracks Reactor, Barracks Tech Lab  
  26  3:19  SCV  
  27  3:20  Factory  
  27  3:26  Marine x2  
  29  3:31  Supply Depot  
  29  3:34  Marauder  
  29  3:35  Stimpack  
  29  3:37  SCV  
  32  3:50  SCV  
  32  3:51  Refinery  
  32  3:52  SCV, Refinery  
  34  3:58  Marine x2  
  34  4:02  Marine  
  37  4:03  Marine  
  38  4:12  Orbital Command  
  38  4:15  SCV  
  39  4:22  Marine x3  
  39  4:23  Marine  
  43  4:27  Marauder  
  45  4:33  SCV  
  46  4:39  Factory Reactor  
  46  4:40  Starport  
  46  4:41  SCV  
  47  4:48  SCV  
  48  4:54  Engineering Bay  
  48  4:58  Supply Depot  
  48  4:59  Marine x2  
  48  5:00  Marine  
  48  5:01  Marine  
  48  5:05  SCV x2  
  54  5:11  Marauder  
  56  5:17  Marine  
  56  5:18  Marine x2  
  56  5:19  Marine  
  60  5:22  SCV x2  
  62  5:29  Terran Infantry Weapons Level 1  
  62  5:37  SCV x2  
  62  5:39  Marine x4  
  62  5:41  Marauder  
  70  6:10  Supply Depot  
  70  6:11  Supply Depot  
  70  6:31  SCV x2, Medivac x2, Marine x2  
  70  6:32  Marine x2  
  82  6:33  Supply Depot, Marauder  
  82  6:35  Supply Depot  
  82  6:45  SCV x2  
  84  6:56  Supply Depot, Marine x2  
  84  6:57  Marine x2  
  84  6:58  Marauder  
  84  7:00  Supply Depot  
  90  7:04  Engineering Bay  
  86  7:21  Marine x2  
  86  7:22  Marine x2  
  92  7:23  Marauder  
  92  7:37  Medivac x2  
  92  7:39  Marine x3  
  92  7:40  Marine  
  102  7:44  Marauder  
  102  7:50  Missile Turret  
  102  7:53  Command Center, Missile Turret  
  102  7:57  Missile Turret  
  102  8:03  Barracks  
  102  8:04  SCV  
  103  8:06  Barracks  
  103  8:07  SCV, Barracks  
  103  8:10  Barracks  
  61  8:34  Marine x2  
  61  8:35  Marine x2  
  61  8:36  Marauder  
  67  8:54  Terran Infantry Armor Level 1  
  67  9:02  Marine x4  
  70  9:03  Armory, Barracks Reactor  
  70  9:04  Barracks Reactor x2, Barracks Tech Lab  
  70  9:06  Marauder  
  70  9:07  Medivac x2  
  78  9:10  SCV x2  
  79  9:17  Orbital Command  
  79  9:23  SCV x2  
  81  9:26  Marine x4  
  81  9:27  Marauder x2  
  89  9:37  Medivac x2  
  93  9:39  Supply Depot  
  93  9:43  SCV x3  
  96  9:48  Marine x3  
  96  9:49  Marine x5  
  96  9:52  Marine  
  105  9:53  Marine  
  105  9:55  Marauder  
  105  9:56  Marauder  
  105  9:59  SCV  
  111  10:00  SCV x2  
  111  10:03  Terran Infantry Weapons Level 2  
  113  10:19  SCV x3, Marine  
  113  10:20  Marine x5  
  113  10:21  Marine x4  
  124  10:24  Marauder x2  
  124  10:26  Medivac x2  
  134  10:35  Factory Reactor  
  134  10:40  Starport  
  134  10:41  Marine x3  
  134  10:42  Marine x4  
  141  10:49  Supply Depot  
  141  10:52  Supply Depot x2  
  141  10:53  Supply Depot  
  141  10:55  Marine x3  
  148  10:57  Marauder x2  
  148  11:10  Medivac x2  
  152  11:24  Marine x3  
  152  11:25  Marine x5  
  159  11:26  Marine x2  
  159  11:27  Marauder x2  
  166  11:41  Command Center, SCV x3, Refinery  
  166  11:43  Refinery, Medivac x2  
  173  12:00  Marine x6  
  179  12:01  Marine x2  
  175  12:10  Supply Depot  
Tags
 
Composition
MMM Bio
League
GoldGold
Matchup
TvT
Race
Terran
Add a new tag
Caveats
  • Supply blocks, unpowered buildings, or Contaminate may cause inaccurate times.
  • Supply counts are checked every 10 seconds.